 Dungeon Crawl Stone Soup version 0.27-a0-869-g165b36e3f0 (webtiles) character file.

Game seed: 6578323949156010649

914 robertstho the Magician (level 8, 0/56 HPs)
             Began as a Djinni Fire Elementalist on Apr 2, 2021.
             Slain by a gnoll
             ... wielding a +0 halberd
              (12 damage)
             ... on level 6 of the Dungeon.
             The game lasted 00:08:29 (4628 turns).

robertstho the Magician (Djinni Fire Elementalist)  Turns: 4628, Time: 00:08:29

Health: 0/56       AC:  3    Str:  7    XL:     8   Next: 9%
Gold:   232        EV: 13    Int: 19    God:
                   SH:  0    Dex: 14

rFire    + + .     SeeInvis .   t - +0 hand axe (vorpal)
rCold    . . .     Faith    .   (no shield)
rNeg     . . .     Spirit   .   a - +0 robe
rPois    ∞         Reflect  .   j - +0 helmet
rElec    .         Harm     .   (no cloak)
rCorr    .         Rampage  .   (no gloves)
Will     +....                  (boots unavailable)
Stlth    ++........             c - amulet of regeneration
HPRegen  1.18/turn              i - ring of willpower
MPRegen  0.00/turn              r - ring of protection from cold

@: flying
A: fire resistance 2, cold vulnerability 1, float, innate caster, hp casting,
extra vitality 1
a: no special abilities


You were on level 6 of the Dungeon.
You visited 2 branches of the dungeon, and saw 7 of its levels.
You also visited: Sewer.

You collected 232 gold pieces.

Inventory:

Hand Weapons
 h - a +0 falchion
 t - a +0 vorpal hand axe (weapon)
Missiles
 m - a curare-tipped dart
Armour
 a - a +0 robe (worn)
 j - a +0 helmet (worn)
Jewellery
 c - an amulet of regeneration (around neck)
 i - a ring of willpower (left hand)
 r - a ring of protection from cold (right hand)
Scrolls
 k - a scroll of identify
 o - 4 scrolls of teleportation {unknown}
 q - a scroll of enchant armour
 u - a scroll of magic mapping {unknown}
 v - a scroll of vulnerability {unknown}
Potions
 b - a potion of berserk rage
 d - a potion of attraction {unknown}
 e - a potion of cancellation {unknown}
 f - 2 potions of might {unknown}
 g - a potion of heal wounds
 l - a potion of mutation {unknown}
 n - 2 potions of flight {unknown}
 p - a potion of magic {unknown}
 s - 2 potions of curing {unknown}
 w - a potion of lignification {unknown}


   Skills:
 * Level 3.0 Fighting
 + Level 1.1 Long Blades
 + Level 3.2 Dodging
 + Level 2.3 Stealth
 * Level 6.9 Spellcasting


You couldn't memorise any spells.
You knew the following spells:

 Your Spells              Type           Power      Damage    Failure   Level
a - Foxfire               Conj/Fire      100%       2x1d9     1%          1
b - Conjure Flame         Conj/Fire      32%        6-21      1%          3
c - Inner Flame           Hex/Fire       32%        N/A       1%          3
d - Sticky Flame          Conj/Fire      32%        2d5       6%          4
e - Fireball              Conj/Fire      16%        3d8       16%         5
f - Summon Small Mammal   Summ           100%       N/A       1%          1
g - Poisonous Vapours     Pois/Air       64%        N/A       1%          2
h - Gell's Gravitas       Tloc           16%        N/A       1%          3
Your spell library was empty.

Dungeon Overview and Level Annotations

Branches:
Dungeon (6/15)             Temple (1/1) D:4           Sewer (visited)

Altars:
Ashenzari
Cheibriados
Dithmenos
Elyvilon
Nemelex Xobeh
Okawaru
Qazlal
Ru
Trog
Uskayaw
Xom
Yredelemnul
Zin
The Shining One


Innate Abilities, Weirdness & Mutations

You are immune to poison.
Your flesh is very heat resistant. (rF++)
You are vulnerable to cold. (rC-)
You float through the air rather than walking.
You learn spells naturally, not from books.
Your magical power is your life essence.
You have superior vitality. (+4 HP)


Message History

There are monsters nearby!
There are monsters nearby!
There are monsters nearby!
There are monsters nearby!
Casting: Foxfire (safe; 1% risk of failure)
Confirm with . or Enter, or press ? or * to list all spells.
You conjure some foxfire!
The foxfire hits the gnoll.
The gnoll is moderately wounded.
The foxfire hits the gnoll.
The gnoll is moderately wounded.
Casting: Foxfire (safe; 1% risk of failure)
Confirm with . or Enter, or press ? or * to list all spells.
You conjure some foxfire!
The foxfire hits the gnoll.
The gnoll is heavily wounded.
The foxfire hits the gnoll.
The gnoll is severely wounded.
The gnoll closely misses you.
Casting: Foxfire (safe; 1% risk of failure)
Confirm with . or Enter, or press ? or * to list all spells.
You conjure some foxfire!
The gnoll closely misses you. The gnoll barely misses you.
The gnoll hits you with a +0 flail.
The foxfire hits the gnoll.
The gnoll is almost dead.
The gnoll barely misses you.
The gnoll hits you from afar with a +3 halberd of freezing!
The gnoll freezes you! The gnoll hits you with a +0 flail!
Casting: Foxfire (safe; 1% risk of failure)
Confirm with . or Enter, or press ? or * to list all spells.
You conjure some foxfire!
The gnoll barely misses you. The gnoll misses you.
The gnoll hits you with a +0 flail!
* * * LOW HITPOINT WARNING * * *
Your foxfire dissipates!
The foxfire hits the gnoll.
You kill the gnoll!
The foxfire hits the gnoll.
The gnoll is severely wounded.
The gnoll hits you from afar with a +0 halberd!
You die...

...$......##.....##..#
....)...[........#...#
#.................##.#
#..............<.....#
#...............#......#
+..........#......#....#
.)#....#.##.............
..##..<..####.##........
#.......@.)# #.#...#.....
........#g...............
#..##..##g...... ..$...
.. ...# #.).$.. ##.._.
...... ##... ...... #...
..... ## .....


You could see 2 gnolls.

Vanquished Creatures
  A phantom (D:5)
  A centaur (D:5)
  A kobold brigand (Sewer)
  2 scorpions
  A bullfrog zombie (D:5)
  A centaur zombie (D:5)
  2 orc priests (D:4)
  2 hounds (D:5)
  2 jellies
  2 gnoll shamans
  An orc wizard (D:4)
  A hound skeleton (D:2)
  5 gnolls
  2 howler monkey skeletons
  4 adders
  2 river rats (Sewer)
  A white imp (D:6)
  An adder skeleton (D:4)
  2 worms
  2 dart slugs
  16 orcs
  4 bats
  A bat zombie (D:1)
  6 endoplasms
  3 giant cockroaches (D:2)
  4 goblins
  2 hobgoblins (D:4)
  10 jackals
  6 kobolds
  5 quokkas
  4 ball pythons
  A ball python zombie (D:1)
  2 frilled lizards
  7 rats
107 creatures vanquished.

Vanquished Creatures (others)
  396 foxfires
396 creatures vanquished.

Grand Total: 503 creatures vanquished

Notes
Turn   | Place    | Note
-------+----------+-------------------------------------------
     0 | D:1      | robertstho the Djinni Fire Elementalist began the quest for
                  | the Orb.
     0 | D:1      | Reached XP level 1. HP: 15/15 MP: 0/0
   283 | D:1      | Reached XP level 2. HP: 19/22 MP: 0/0
   327 | D:1      | Reached skill level 3 in Spellcasting
   546 | D:1      | Reached skill level 1 in Fighting
  1272 | D:2      | Reached XP level 3. HP: 22/27 MP: 0/0
  1272 | D:2      | Learned a level 1 spell: Summon Small Mammal
  1544 | D:2      | Found a faded altar of an unknown god.
  1758 | D:2      | Reached XP level 4. HP: 32/32 MP: 0/0
  1998 | D:3      | Found a shadowy altar of Dithmenos.
  2009 | D:3      | Found a white marble altar of Elyvilon.
  2148 | D:3      | You are sucked into a shaft and drop 3 floors!
  2149 | D:6      | Noticed a scorpion
  2154 | D:6      | Killed a scorpion
  2155 | D:6      | Reached skill level 4 in Spellcasting
  2155 | D:6      | Reached XP level 5. HP: 22/38 MP: 0/0
  2155 | D:6      | Learned a level 2 spell: Poisonous Vapours
  2256 | D:5      | Entered Level 5 of the Dungeon
  2320 | D:5      | Found a glowing drain.
  2335 | Sewer    | Entered a sewer
  2433 | Sewer    | Noticed a kobold brigand
  2441 | Sewer    | Killed a kobold brigand
  2442 | Sewer    | Reached XP level 6. HP: 43/43 MP: 0/0
  2463 | Sewer    | Found a white marble altar of Elyvilon.
  2511 | D:5      | Reached skill level 5 in Spellcasting
  2616 | D:5      | Reached XP level 7. HP: 29/49 MP: 0/0
  2616 | D:5      | Learned a level 3 spell: Gell's Gravitas
  3017 | D:4      | Found a broken altar of Ashenzari.
  3034 | D:4      | Reached skill level 6 in Spellcasting
  3248 | D:4      | Reached skill level 1 in Long Blades
  3308 | D:4      | Found a staircase to the Ecumenical Temple.
  3336 | Temple   | Entered the Ecumenical Temple
  3952 | D:4      | Reached XP level 8. HP: 40/55 MP: 0/0
  4592 | D:5      | Found a sparkling altar of Nemelex Xobeh.
  4611 | D:6      | Found a glowing golden altar of the Shining One.
  4628 | D:6      | Slain by a gnoll

Illustrated notes

Levels and vault maps discovered:
D:1:      saegor_arrival_fortress, layout_basic, minmay_crystal_room
D:2:      layout_basic, basic_ecumenical_altar, minmay_tromino_v4_a
D:3:      layout_basic, nicolae_overflow_crystal_walls, lemuel_tele_altar
D:4:      layout_basic, kennysheep_mini_moat, minmay_temple_entry_large_hall
D:5:      layout_basic, general_overflow_altar, portal_sewer_entry_f
D:6:      minmay_chambers_of_fours, layout_cave_pools,
          overflow_temple_1_default, lemuel_doored_altar,
          makhleb_blood_cavern_becter, lemuel_round_altar
Temple:   jpeg_temple_island

Skill      XL: |  1  2  3  4  5  6  7  8 |
---------------+-------------------------+-----
Spellcasting   | 3 4 5 6 |  6.9
Fighting       | 1 2 3 |  3.0
Stealth        | 2 |  2.3
Dodging        | 3 |  3.2
Long Blades    | 1 |  1.1

Action                   |  1- 3 |  4- 6 |  7- 9 || total
-------------------------+-------+-------+-------++-------
Melee: Falchion          |       |    12 |       ||    12
 Cast: Foxfire           |    69 |    43 |   121 ||   233
       Sticky Flame      |       |     9 |     1 ||    10
       Fireball          |       |     1 |     1 ||     2
  Use: Scroll            |     2 |     2 |     2 ||     6
       Potion            |       |     3 |       ||     3
Armor: Robe              |     3 |    12 |       ||    15
Dodge: Dodged            |    11 |    38 |    14 ||    63
       Rpst.: Falchion   |       |     8 |       ||     8

Table legend: (Time is in decaauts)
 A = Elapsed time spent in this place.
 B = Non-inter-level travel time spent in this place.
 C = Inter-level travel time spent in this place.
 D = Time resting spent in this place.
 E = Time spent auto-exploring this place.
 F = Levels seen in this place.
 G = Mean time per level.
                   A        B        C        D        E       F      G
               +--------+--------+--------+--------+--------+-----+--------+
         Total |   4631 |   4528 |    103 |     57 |   3639 |   8 |  578.9 |
       Dungeon |   4001 |   3915 |     86 |     57 |   3123 |   6 |  666.8 |
        Temple |    462 |    445 |     17 |      0 |    436 |   1 |  462.0 |
         Sewer |    166 |    166 |      0 |      0 |     80 |   1 |  166.0 |
               +--------+--------+--------+--------+--------+-----+--------+

Top non-repeatable levels by time:
     D:1: 1089 daAuts
     D:5: 940 daAuts
     D:2: 886 daAuts
     D:4: 788 daAuts
  Temple: 462 daAuts
     D:3: 172 daAuts
   Sewer: 166 daAuts
     D:6: 125 daAuts
